 Dungeon Crawl Stone Soup version 0.28.0-49-g6dfe1f597d (webtiles) character file.

Game seed: 5773328975471294572

95 issech the Cudgeller (level 4, -5/39 (40) HPs)
             Began as a Troll Monk on May 16, 2022.
             Was a Believer of Hepliaklqana.
             Slain by an orc warrior
             ... wielding a +0 trident
              (11 damage)
             ... on level 3 of the Dungeon.
             The game lasted 00:08:36 (2937 turns).

issech the Cudgeller (Troll Monk)                   Turns: 2937, Time: 00:08:36

HP:   -5/39 (40)    AC:  6    Str: 23    XL:     4   Next: 39%
MP:   3/3           EV: 14    Int:  6    God:    Hepliaklqana [**....]
Gold: 74            SH:  0    Dex: 14    Spells: 3/3 levels left

rFire   . . .      SeeInvis .   g - +2 dagger (venom)
rCold   . . .      Faith    .   (no shield)
rNeg    . . .      Spirit   .   y - +2 robe of the Lich-sworn {Str+4}
rPois   .          Reflect  .   (helmet restricted)
rElec   .          Harm     .   (no cloak)
rCorr   .          Rampage  .   (gloves unavailable)
Will    +....                   (boots unavailable)
Stlth   ++........              h - amulet of magic regeneration
HPRegen 0.93/turn               c - ring of willpower
MPRegen 0.48/turn               C - +4 ring of evasion

@: lightly drained
A: reduced essence, large, unfitting armour, claws 3, regeneration 1, shaggy fur
1, tough skin 1
a: Renounce Religion, Recall Ancestor, Ancestor Identity


You were on level 3 of the Dungeon.
You worshipped Hepliaklqana.
Hepliaklqana was pleased with you.
You visited 1 branch of the dungeon, and saw 4 of its levels.

You collected 74 gold pieces.

Inventory:

Hand Weapons
 a - a +0 mace
 g - a +2 dagger of venom (weapon)
 v - a +3 antimagic dagger
 x - a +4 dagger of protection
 B - a +0 flail
Missiles
 f - 19 arrows
 k - 20 sling bullets
 t - 12 stones (quivered)
Armour
 b - a +0 robe
 y - the +2 robe of the Lich-sworn (worn) {Str+4}
   (You took it off a goblin on level 3 of the Dungeon)

   Str:       It affects your strength (+4).
Magical Staves
 n - a staff of earth
Jewellery
 c - a ring of willpower (left claw)
 h - an amulet of magic regeneration (around neck)
 C - a +4 ring of evasion (right claw)
Scrolls
 e - 2 scrolls of identify {unknown}
 o - a scroll of teleportation {unknown}
 p - a scroll of magic mapping {unknown}
 s - a scroll of amnesia {unknown}
 u - a scroll of enchant weapon {unknown}
 w - 2 scrolls of blinking {unknown}
 A - a scroll of noise {unknown}
Potions
 d - 2 potions of curing
 i - a potion of heal wounds {unknown}
 j - a potion of mutation {unknown}
 l - a potion of flight {unknown}
 m - 2 potions of brilliance {unknown}
 q - 4 potions of degeneration {unknown}
 r - a potion of lignification {unknown}
 z - a potion of resistance {unknown}


   Skills:
 + Level 3.0 Fighting
 + Level 1.0 Short Blades
 + Level 3.0 Maces & Flails
 + Level 3.0 Dodging
 + Level 1.5 Stealth


You had 3 spell levels left.
You didn't know any spells.
Your spell library was empty.

Dungeon Overview and Level Annotations

Branches:
Dungeon (4/15)
 Temple: D:4-7

Altars:
Hepliaklqana
Uskayaw

Shops:
D:2 [

Annotations:
D:4 Eustachio


Innate Abilities, Weirdness & Mutations

Your life essence is reduced to manifest your ancestor. (-10% HP)
You are too large for most types of armour.
You have claws for hands.
Your natural rate of healing is unusually fast.
You are covered in fur. (AC +1)
You have tough skin. (AC +1)


Message History

Eustachio hits you with a +2 rapier of draining.
You feel drained. The quokka bites you.
Sizwe gestures at the quokka while chanting.
The puff of frost hits the quokka!
The quokka dies!
The quokka's corpse disappears in a puff of smoke!
You swap places.
Eustachio hits Sizwe with a +2 rapier of draining!
Sizwe closely misses Eustachio.
Eustachio hits Sizwe with a +2 rapier of draining!
Sizwe is destroyed!
Eustachio gestures wildly while chanting.
Eustachio blinks!
There is a stone staircase leading up here.
The orc warrior barely misses you.
There is a stone staircase leading up here.
The orc warrior misses you.
You climb upwards.
There is a stone staircase leading down here.
You hit the orc warrior.
The orc warrior is poisoned.
The orc warrior is lightly wounded.
The orc warrior closely misses you.
The orc warrior hits you but does no damage.
You throw a stone.
The stone barely misses the orc warrior.
The orc warrior hits you from afar with a +0 trident!
The orc warrior hits you with a +0 trident!
You hit the orc warrior but do no damage.
The orc warrior looks even sicker.
The orc warrior is heavily wounded.
The orc warrior hits you with a +0 trident!
* * * LOW HITPOINT WARNING * * *
The orc warrior hits you from afar with a +0 trident!
You die...

.#..#####.#..#P#.#...P...#
R#R#..#...#..##....PP...##
...#.R#......##..#.#....#
...#........####....#...#
...#..#.##### #.#...#.#####
...#..#.# #...##......#
#.####### ##.....####.# #.#
##########.##### #.## #.#
#.(....o.@.### #..# #.#
#.......##...# ##.# #.#
#..#######...# #.# #.# #>.#
#...# #.# #.# #..# #...# #.#
########..# #...# #.#
..........# #...# #.#
..........#######...#######.#
...†............#...#.......#


You could see an orc warrior (very poisoned).

Vanquished Creatures
  An adder (D:2)
  A worm (D:2)
  An orc (D:3)
  4 bats
  A giant cockroach (D:1)
  8 goblins
  5 hobgoblins
  3 jackals (D:2)
  3 quokkas
  3 ball pythons
  A frilled lizard (D:3)
  3 kobolds
  3 rats
37 creatures vanquished.

Vanquished Creatures (collateral kills)
  A bullfrog zombie (D:4)
  A worm (D:3)
  A ball python (D:3)
  3 goblins (D:3)
  A kobold (D:3)
7 creatures vanquished.

Vanquished Creatures (others)
  A battlemage (D:4)
1 creature vanquished.

Grand Total: 45 creatures vanquished

Notes
Turn   | Place    | Note
-------+----------+-------------------------------------------
     0 | D:1      | issech the Troll Monk began the quest for the Orb.
     0 | D:1      | Reached XP level 1. HP: 22/22 MP: 0/0
   135 | D:1      | You fall into a shaft and drop 1 floor!
   490 | D:1      | Reached XP level 2. HP: 29/29 MP: 1/1
   714 | D:1      | Found a faded altar of an unknown god.
  1302 | D:2      | Reached XP level 3. HP: 36/36 MP: 2/2
  1746 | D:2      | Found Izij's Antique Armour Shop.
  1813 | D:3      | Found a hazy altar of Hepliaklqana.
  1820 | D:3      | Became a worshipper of Hepliaklqana the Forgotten
  1820 | D:3      | Reached * piety under Hepliaklqana
  1820 | D:3      | Reached ** piety under Hepliaklqana
  1821 | D:3      | Remembered your ancestor Sizwe as a battlemage
  2305 | D:3      | Identified the +2 robe of the Lich-sworn {Str+4}
  2391 | D:3      | Noticed a +0 dagger
  2391 | D:3      | Noticed a +0 short sword
  2391 | D:3      | Noticed a +0 falchion
  2392 | D:3      | Noticed a +0 falchion
  2392 | D:3      | Noticed a +0 short sword
  2393 | D:3      | Noticed a +0 spear
  2394 | D:3      | Noticed a +0 spear
  2395 | D:3      | Noticed a +0 dagger
  2398 | D:3      | Found a hide-covered altar of Uskayaw.
  2898 | D:4      | Reached skill level 1 in Short Blades
  2898 | D:4      | Reached XP level 4. HP: 34/40 MP: 3/3
  2905 | D:4      | Noticed Eustachio
  2912 | D:4      | Noticed an orc warrior
  2937 | D:3      | Slain by an orc warrior

Illustrated notes

Levels and vault maps discovered:
D:1:      dpeg_arrival_court, layout_basic,
          shapermc_ecumenical_altar_mp_highgroup
D:2:      layout_loops_corners, serial_shops, nicolae_square_shop,
          serial_bayou_ford_a
D:3:      kennysheep_the_goblin_king, layout_basic, nicolae_uskayaw_en_pointe,
          nicolae_hepliaklqana_hazy_memory, serial_co_window_serial,
          co_window_paths_b, co_window_paths_a, co_window_paths_a,
          co_window_of_opportunity_a, co_window_paths_a, co_window_corner_a,
          co_window_corner_a, co_window_corner_a, co_window_corner_a,
          co_window_of_opportunity_b, co_window_broadway_a,
          co_window_unsneaky_path_d, co_window_cross_3, glass_columns_b,
          glass_columns_b
D:4:      layout_basic, lemuel_coloured_pillars_altar, uniq_eustachio

Skill      XL: |  1  2  3 |
---------------+----------+-----
Maces & Flails | 3 |  3.0
Dodging        | 3 |  3.0
Fighting       | 3 |  3.0
Short Blades   | 1 |  1.0
Stealth        | |  1.5

Action                   |  1- 3 |  4- 6 || total
-------------------------+-------+-------++-------
Melee: Mace              |    18 |       ||    18
       Dagger            |   100 |     5 ||   105
Throw: Stone             |       |     1 ||     1
Invok: Ancestor Life: Ba |     1 |       ||     1
 Stab: Sleeping          |     5 |       ||     5
Armor: Robe              |    50 |     2 ||    52
Dodge: Dodged            |    60 |     3 ||    63
